 Dungeon Crawl Stone Soup version 0.31-a0-1104-g3bd3108e02 (webtiles) character file.

Game seed: 12185207790545533470

592 inmateoo the Cudgeller (level 7, -2/44 HPs)
             Began as a Gargoyle Fighter on Dec 2, 2023.
             Slain by an ogre
             ... wielding a +0 giant spiked club
              (23 damage)
             ... on level 5 of the Dungeon.
             The game lasted 00:04:31 (4182 turns).

inmateoo the Cudgeller (Gargoyle Fighter)           Turns: 4182, Time: 00:04:32

Health: -2/44      AC: 12    Str: 19    XL:     7   Next: 39%
Magic:  7/7        EV: 10    Int:  9    God:
Gold:   270        SH:  5    Dex: 11    Spells: 6/6 levels left

rFire   . . .        a - +0 flail
rCold   . . .        c - +0 buckler
rNeg    + . .        g - +2 leather armour {Will+}
rPois   ∞            i - +0 helmet
rElec   +            (no cloak)
rCorr   .            o - +0 pair of gloves
SInv    .            (no boots)
Will    +....        (no amulet)
Stlth   +            (no ring)
HPRegen 0.27/turn    (no ring)
MPRegen 0.10/turn

%: no passive effects
@: studying Translocations
A: sickness immunity, AC +4, negative energy resistance 1, electricity
resistance, torment resistance 1, petrification resistance
a: no special abilities


You were on level 5 of the Dungeon.
You visited 1 branch of the dungeon, and saw 5 of its levels.

You collected 270 gold pieces.

Inventory:

Hand Weapons
 a - a +0 flail (weapon)
Armour
 c - a +0 buckler (worn)
 f - a +0 chain mail
 g - a +2 leather armour of willpower (worn)
 i - a +0 helmet (worn)
 o - a +0 pair of gloves (worn)
Wands
 b - a wand of roots (8)
Scrolls
 l - a scroll of brand weapon
 n - 2 scrolls of enchant weapon
 p - a scroll of amnesia
 q - a scroll of blinking
Potions
 d - a potion of might
 e - a potion of mutation
 j - a potion of heal wounds
 m - a potion of curing
 r - a potion of berserk rage {unknown}


   Skills:
 + Level 5.0 Fighting
 * Level 5.2 Maces & Flails
 + Level 4.9 Armour
 + Level 5.0 Shields


You had 6 spell levels left.
You didn't know any spells.
Your spell library contained the following spells:

 Spells                   Type           Power      Damage    Failure   Level
 Dazzling Flash           Conj/Hex       0%         N/A       87%         3
 Agony                    Necr           0%         N/A       100%        5
 Silence                  Hex/Air        0%         N/A       100%        5


Dungeon Overview and Level Annotations

Branches:
Dungeon (5/15)             Temple (0/1) D:4

Altars:
Okawaru
Wu Jian

Annotations:
D:5 Grinder


Innate Abilities, Weirdness & Mutations

You are immune to sickness and miasma.
Your stone body is resilient. (AC +4)
You are immune to poison.
You resist negative energy. (rN+)
You are resistant to electric shocks. (rElec)
You are resistant to unholy torment.
You are immune to petrification.


Message History

The grasping roots constrict Duvessa.
The grasping roots constrict Dowan.
You hear a shout! x3
Duvessa hits you but does no damage. Dowan hits you with a +0 dagger.
Grinder comes into view.
You hit Duvessa but do no damage.
Duvessa is severely wounded.
The grasping roots constrict Duvessa.
The grasping roots constrict Dowan!
You kill Dowan!
Duvessa screams in rage.
Duvessa goes berserk!
The roots release their grip on Duvessa.
Duvessa hits you with a +0 short sword of venom.
The hound bites you but does no damage. You block Duvessa's attack.
The hound closely misses you.
Your Fighting skill increases to level 5!
Your Shields skill increases to level 5!
You barely miss Duvessa.
Duvessa is almost dead.
Duvessa barely misses you. You block the hound's attack.
An ogre comes into view. It is wielding a +0 giant spiked club.
Duvessa barely misses you.
Aiming: Fastroot
Press: ? - help, Shift-Dir - straight line, p - Duvessa The roots erupt in riotous growth!
Roots grab Duvessa.
Roots grab the ogre.
Roots grab the hound.
The grasping roots constrict Duvessa.
The grasping roots constrict the ogre.
The grasping roots constrict the hound.
You hear a croak.
The hound bites you but does no damage. Duvessa hits you but does no damage.
The ogre struggles to escape constriction.
The hound bites you but does no damage.
You thump Duvessa!
You kill Duvessa!
The grasping roots constrict the ogre!
The grasping roots constrict the hound!
The roots release their grip on the ogre.
The roots release their grip on the hound.
The hound closely misses you. The hound bites you but does no damage.
The ogre hits you with a +0 giant spiked club!!
Ouch! That really hurt!
You die...

#...........#....
#.#.................
..##................
..#
#................
...
##...............
.........##...5..#
.#.#..(#..##..#.#
.....$#..#O...>#..
#.....##..)@h......
#.........)........
#..........##......
#........... ###...
......#.... ..
.....###...# . #.(.#
##$.. ... ...


You could see Grinder, an ogre and a hound.

Vanquished Creatures
  Duvessa (D:5)
  An ogre (D:4)
  2 scorpions (D:4)
  Dowan (D:5)
  A hound (D:4)
  A jelly (D:4)
  A sleepcap (D:4)
  Ijyb (D:4)
  2 orc wizards (D:3)
  A gnoll (D:3)
  8 adders
  2 worms (D:2)
  2 dart slugs
  9 orcs
  A ball python (D:1)
  3 endoplasms
  7 giant cockroaches
  5 goblins
  6 hobgoblins
  8 jackals
  8 kobolds
  5 quokkas
  2 bats
  3 frilled lizards
  5 rats
  A spectral kobold (D:1)
87 creatures vanquished.

Vanquished Creatures (others)
  An orc wizard (D:3)
1 creature vanquished.

Grand Total: 88 creatures vanquished

Notes
Turn   | Place    | Note
-------+----------+-------------------------------------------
     0 | D:1      | inmateoo the Gargoyle Fighter began the quest for the Orb.
     0 | D:1      | Reached XP level 1. HP: 14/14 MP: 1/1
    53 | D:1      | Reached XP level 2. HP: 19/19 MP: 2/2
   424 | D:1      | Found a faded altar of an unknown god.
   645 | D:2      | Reached XP level 3. HP: 23/23 MP: 3/3
  1066 | D:3      | Found an ornate altar of the Wu Jian Council.
  1374 | D:2      | Identified the +1 leather armour of Pevih {rC+ Str-3 Dex+3}
  1466 | D:2      | Reached XP level 4. HP: 29/29 MP: 4/4
  1997 | D:3      | Found an iron altar of Okawaru.
  2126 | D:3      | Reached XP level 5. HP: 11/33 MP: 5/5
  2819 | D:4      | Found a staircase to the Ecumenical Temple.
  3078 | D:4      | Reached XP level 6. HP: 10/39 MP: 6/6
  3215 | D:4      | Identified the +2 ring mail "Apnojo" {rElec Will- rCorr
                  | Stlth-}
  3686 | D:4      | Reached XP level 7. HP: 12/44 MP: 7/7
  3692 | D:4      | Reached skill level 5 in Maces & Flails
  3903 | D:5      | Entered Level 5 of the Dungeon
  3903 | D:5      | Noticed Duvessa
  3903 | D:5      | Noticed Dowan
  3969 | D:5      | Noticed Ijyb
  4038 | D:4      | Killed Ijyb
  4178 | D:5      | Noticed Grinder
  4179 | D:5      | Killed Dowan
  4180 | D:5      | Reached skill level 5 in Fighting
  4180 | D:5      | Reached skill level 5 in Shields
  4182 | D:5      | Killed Duvessa
  4182 | D:5      | Slain by an ogre

Illustrated notes

Levels and vault maps discovered:
D:1:      lightli_molten_gateway, layout_basic,
          dreamdust_ecumenical_altar_drowned_temple
D:2:      layout_basic, reono_crystal_passage, minmay_quadrilaterals
D:3:      layout_loops_corners, okawaru_altar_gauntlet_db, lemuel_crystal_altar,
          corexii_leaking_fountain, minmay_misc_feat_columns,
          minmay_misc_feat_rows
D:4:      layout_loops_cross, minmay_temple_entry_glass, hangedman_decor_lopped,
          minmay_manual_mail
D:5:      layout_cave_pools, nicolae_overflow_hidden_temple,
          uniq_prince_ribbit1, uniq_sigmund, uniq_pikel, uniq_eustachio,
          uniq_ijyb, uniq_grinder, uniq_duvessa

Skill      XL: |  1  2  3  4  5  6  7 |
---------------+----------------------+-----
Maces & Flails | 3 4 5 |  5.2
Fighting       | 4 5 |  5.0
Armour         | 4 |  4.9
Shields        | 4 5 |  5.0

Action                     |  1- 3 |  4- 6 |  7- 9 || total
---------------------------+-------+-------+-------++-------
  Melee: Flail             |   134 |   167 |    55 ||   356
  Evoke: Wand              |       |       |     4 ||     4
    Use: Scroll            |       |     7 |     3 ||    10
         Potion            |       |     2 |     1 ||     3
 Armour: Scale mail        |    35 |       |       ||    35
         Chain mail        |    83 |   148 |    39 ||   270
         Leather armour    |       |       |    17 ||    17
  Dodge: Dodged            |    46 |    43 |    14 ||   103
  Block: Buckler           |    21 |    36 |    14 ||    71

Table legend: (Time is in decaauts)
 A = Elapsed time spent in this place.
 B = Non-inter-level travel time spent in this place.
 C = Inter-level travel time spent in this place.
 D = Time resting spent in this place.
 E = Time spent auto-exploring this place.
 F = Levels seen in this place.
 G = Mean time per level.
                   A        B        C        D        E       F      G
               +--------+--------+--------+--------+--------+-----+--------+
         Total |   4280 |   4110 |    170 |    662 |   2460 |   5 |  856.0 |
       Dungeon |   4280 |   4110 |    170 |    662 |   2460 |   5 |  856.0 |
               +--------+--------+--------+--------+--------+-----+--------+

Top non-repeatable levels by time:
     D:4: 1333 daAuts
     D:3: 1293 daAuts
     D:2: 943 daAuts
     D:1: 655 daAuts
     D:5: 54 daAuts
